 Dungeon Crawl Stone Soup version 0.29.1-15-g9cfb28693d (webtiles) character file.

Game seed: 6714591235697589649

2079 Peloso the Carver (level 9, -4/78 HPs)
             Began as a Minotaur Fighter on Apr 15, 2023.
             Slain by an orc warrior
             ... wielding a +0 halberd
              (18 damage)
             ... on level 7 of the Dungeon.
             The game lasted 00:10:46 (7622 turns).

Peloso the Carver (Minotaur Fighter)                Turns: 7622, Time: 00:10:47

Health: -4/78      AC: 12    Str: 23    XL:     9   Next: 6%
Magic:  8/8        EV:  9    Int:  5    God:
Gold:   278        SH:  5    Dex: 12    Spells: 8/8 levels left

rFire   . . .      SeeInvis .   a - +0 long sword
rCold   . . .      Faith    .   d - +0 buckler
rNeg    . . .      Spirit   .   c - +0 chain mail
rPois   .          Reflect  .   (helmet restricted)
rElec   .          Harm     .   (no cloak)
rCorr   .          Rampage  .   (no gloves)
Will    .....                   r - +0 pair of boots
Stlth   ..........              (no amulet)
HPRegen 0.23/turn               (no ring)
MPRegen 0.11/turn               (no ring)

@: no status effects
A: horns 2, retaliatory headbutt
a: no special abilities


You were on level 7 of the Dungeon.
You visited 2 branches of the dungeon, and saw 8 of its levels.

You collected 278 gold pieces.

Inventory:

Hand Weapons
 a - a +0 long sword (weapon)
Armour
 b - a +0 scale mail
 c - a +0 chain mail (worn)
 d - a +0 buckler (worn)
 r - a +0 pair of boots (worn)
Jewellery
 h - a +6 ring of intelligence
Wands
 x - a wand of flame (28)
 z - a wand of roots (4)
 A - a wand of charming (8)
Scrolls
 e - 2 scrolls of teleportation
 g - a scroll of fog
 j - a scroll of magic mapping
 k - 2 scrolls of noise
 l - 2 scrolls of fear
 m - 2 scrolls of enchant weapon
 o - a scroll of immolation {unknown}
 p - a scroll of summoning {unknown}
 q - a scroll of amnesia
 s - 3 scrolls of vulnerability {unknown}
 t - a scroll of enchant armour {unknown}
 u - a scroll of poison {unknown}
 y - a scroll of torment {unknown}
Potions
 f - a potion of ambrosia
 i - a potion of mutation
 n - 3 potions of degeneration {unknown}
 v - 2 potions of curing
 w - a potion of cancellation {unknown}


   Skills:
 + Level 6.7 Fighting
 + Level 9.2 Long Blades
 + Level 8.8 Armour
 + Level 2.7 Dodging
 + Level 0.5 Stealth
 + Level 5.3 Shields
 + Level 0.2 Evocations


You had 8 spell levels left.
You didn't know any spells.
Your spell library contained the following spells:

 Spells                   Type           Power      Damage    Failure   Level
 Apportation              Tloc           0%         N/A       99%         1
 Slow                     Hex            0%         N/A       99%         1
 Confusing Touch          Hex            0%         N/A       100%        3
 Vampiric Draining        Necr           0%         2d6       100%        3
 Alistair's Intoxication  Tmut/Pois      0%         N/A       100%        5


Dungeon Overview and Level Annotations

Branches:
Dungeon (7/15)             Temple (1/1) D:6

Altars:
Ashenzari
Cheibriados
Dithmenos
Elyvilon
Gozag
Hepliaklqana
Kikubaaqudgha
Makhleb
Nemelex Xobeh
Qazlal
Ru
Sif Muna
Trog
Uskayaw
Vehumet
Wu Jian
Xom
Yredelemnul
Zin
The Shining One

Annotations:
D:4 2 transporters
D:6 2 transporters, Artemis2's ghost, amateur DsGl


Innate Abilities, Weirdness & Mutations

You have a pair of horns on your head.
You reflexively headbutt those who attack you in melee.


Message History

The orc hits you but does no damage.
You hit the orc.
You kill the orc!
The orc warrior hits you but does no damage.
The orc warrior hits you with a +0 halberd!
There is an open door, spattered with blood here.
Things that are here:
a +0 war axe; a +0 ring mail; an orc corpse You hit the orc warrior but do no damage.
The orc warrior hits you with a +0 halberd.
You hit the orc warrior. Your headbutt misses the orc warrior.
The orc warrior is moderately wounded.
The orc warrior barely misses you. You furiously retaliate!
You headbutt the orc warrior, but do no damage.
You barely miss the orc warrior.
The orc warrior is moderately wounded.
The orc warrior hits you with a +0 halberd!
You closely miss the orc warrior.
The orc warrior is moderately wounded.
The orc warrior hits you with a +0 halberd!
You barely miss the orc warrior.
The orc warrior is moderately wounded.
The orc warrior hits you with a +0 halberd!
You closely miss the orc warrior.
The orc warrior is moderately wounded.
The orc warrior misses you.
You hit the orc warrior but do no damage.
The orc warrior is moderately wounded.
The orc warrior hits you with a +0 halberd!!
* * * LOW HITPOINT WARNING * * *
You hit the orc warrior but do no damage.
The orc warrior is moderately wounded.
The orc warrior barely misses you.
You barely miss the orc warrior. Your headbutt misses the orc warrior.
The orc warrior is moderately wounded.
You block the orc warrior's attack.
You slash the orc warrior!
The orc warrior is severely wounded.
The orc warrior hits you with a +0 halberd!!
You die...

########## #....#...# #....# ..
#....+...# .#....#.Y # #..##...#
.#....#. ###.###..##...#####
'....' ......#............ #....
......'o...........
....##########@###.############
###'#..........<..##.#####......#
#...#.............#......#......#
#...#.............#......#......#
#...#.............#......'......#
#...#.............##+##..#......#
#Y#####'#########.....####......#
#...............#...............#
#...............#...............+


You could see an orc warrior.

Vanquished Creatures
  Sigmund (D:2)
  3 yaks (D:6)
  A steam dragon (D:7)
  2 ice beasts
  A sky beast (D:6)
  A black bear (D:5)
  2 ogres
  2 phantoms (D:6)
  A necrophage (D:4)
  3 hounds
  2 jellies
  An orc priest (D:6)
  An iguana (D:6)
  6 orc wizards
  10 gnolls
  6 adders
  A shadow imp (D:3)
  A white imp (D:5)
  An ufetubus (D:6)
  2 worms (D:2)
  2 dart slugs
  20 orcs
  9 ball pythons
  8 bats
  2 endoplasms
  4 giant cockroaches
  8 goblins
  7 hobgoblins
  10 jackals
  4 kobolds
  2 quokkas
  3 frilled lizards
  5 rats
132 creatures vanquished.

Vanquished Creatures (others)
  2 orcs (D:7)
2 creatures vanquished.

Grand Total: 134 creatures vanquished

Notes
Turn   | Place    | Note
-------+----------+-------------------------------------------
     0 | D:1      | Peloso the Minotaur Fighter began the quest for the Orb.
     0 | D:1      | Reached XP level 1. HP: 19/19 MP: 0/0
   152 | D:1      | Reached XP level 2. HP: 26/27 MP: 1/1
   572 | D:1      | Reached skill level 3 in Long Blades
   786 | D:2      | Reached XP level 3. HP: 32/33 MP: 2/2
   927 | D:2      | Reached XP level 4. HP: 33/40 MP: 3/3
  1151 | D:2      | Found a snail-covered altar of Cheibriados.
  1215 | D:2      | Noticed Sigmund
  1227 | D:2      | Killed Sigmund
  1228 | D:2      | Reached skill level 5 in Long Blades
  1228 | D:2      | Reached skill level 1 in Dodging
  1228 | D:2      | Reached XP level 5. HP: 22/47 MP: 4/4
  1781 | D:2      | Found a faded altar of an unknown god.
  2225 | D:3      | Reached XP level 6. HP: 52/55 MP: 5/5
  2243 | D:3      | Reached skill level 5 in Armour
  3310 | D:3      | Found a glowing golden altar of the Shining One.
  3311 | D:3      | Found a white marble altar of Elyvilon.
  3681 | D:4      | Found a glowing silver altar of Zin.
  3681 | D:4      | Found a radiant altar of Vehumet.
  3686 | D:4      | Found a transporter.
  3697 | D:4      | Found a transporter.
  3966 | D:4      | Reached skill level 5 in Fighting
  3966 | D:4      | Reached skill level 6 in Long Blades
  4117 | D:4      | Reached XP level 7. HP: 54/61 MP: 6/6
  4587 | D:5      | Entered Level 5 of the Dungeon
  5063 | D:5      | Reached skill level 7 in Long Blades
  5589 | D:6      | Found a transporter.
  5591 | D:6      | Noticed a komodo dragon
  5593 | D:6      | Noticed Artemis2's ghost (amateur DsGl)
  5602 | D:6      | Found a transporter.
  5691 | D:6      | Found a staircase to the Ecumenical Temple.
  5743 | D:6      | Reached XP level 8. HP: 59/69 MP: 7/7
  5767 | Temple   | Entered the Ecumenical Temple
  6332 | D:6      | Reached skill level 8 in Long Blades
  6332 | D:6      | Reached skill level 5 in Shields
  7324 | D:6      | Reached skill level 9 in Long Blades
  7331 | D:6      | Reached XP level 9. HP: 18/78 MP: 8/8
  7622 | D:7      | Slain by an orc warrior

Illustrated notes

Levels and vault maps discovered:
D:1:      kennysheep_arrival_seaside, layout_rooms
D:2:      minmay_razor_zed, layout_basic, basic_altar,
          ebering_ecumenical_altar_sacrificial, uniq_sigmund
D:3:      layout_basic, gammafunk_temple_overflow_statue,
          minmay_misc_feat_doors, patterned_corridor
D:4:      layout_basic, gammafunk_temple_overflow_arena
D:5:      layout_cave_pods, nrook_uturn
D:6:      layout_basic, temple_fountains, gammafunk_ghost_arena
D:7:      layout_gridville
Temple:   nicolae_temple_elliptical

Skill      XL: |  1  2  3  4  5  6  7  8 |
---------------+-------------------------+-----
Fighting       | 4 5 6 |  6.7
Long Blades    | 3 5 6 7 9 |  9.2
Armour         | 4 5 6 8 |  8.8
Shields        | 4 5 |  5.3
Dodging        | 1 2 |  2.7
Stealth        | |  0.5
Evocations     | |  0.2

Action                   |  1- 3 |  4- 6 |  7- 9 || total
-------------------------+-------+-------+-------++-------
Melee: Long sword        |    71 |   157 |   195 ||   423
       Headbutt          |     9 |    24 |    43 ||    76
Evoke: Wand              |       |       |     2 ||     2
  Use: Scroll            |     2 |     5 |     2 ||     9
       Potion            |     1 |     2 |     1 ||     4
Armor: Scale mail        |    57 |    36 |       ||    93
       Chain mail        |       |    50 |   104 ||   154
Dodge: Dodged            |    45 |    66 |    55 ||   166
Block: Buckler           |    16 |    54 |    37 ||   107
